 Dungeon Crawl Stone Soup version 0.22-a0-803-gd6d8abeff0 (webtiles) character file.

62 PikkenKukken the Bolt Thrower (level 3, -1/30 HPs)
             Began as a Centaur Hunter on July 22, 2018.
             Was a Follower of Qazlal.
             Slain by Sigmund
             ... wielding a +0 scythe
              (7 damage)
             ... on level 2 of the Dungeon.
             The game lasted 00:03:45 (1166 turns).

PikkenKukken the Bolt Thrower (Centaur Hunter)      Turns: 1166, Time: 00:03:46

Health: -1/30      AC:  5    Str: 14    XL:     3   Next: 85%
Magic:  3/3        EV: 24    Int: 10    God:    Qazlal [*.....]
Gold:   73         SH:  1    Dex: 10    Spells: 2/2 levels left

rFire    . . .     SeeInvis .   a - +1 hand crossbow
rCold    . . .     Gourm    .   (no shield)
rNeg     . . .     Faith    .   c - +1 leather armour
rPois    .         Spirit   .   (no helmet)
rElec    .         Reflect  .   (no cloak)
rCorr    .         Harm     .   (no gloves)
MR       .....                  (no barding)
Stlth    +.........             l - amulet of the acrobat
HPRegen  0.10/turn              (no ring)
MPRegen  0.08/turn              (no ring)

@: very quick
A: large, hooves 3, deformed body, speed 2, tough skin 3
a: Renounce Religion


You were on level 2 of the Dungeon.
You worshipped Qazlal.
Qazlal was aware of your devotion.
You were not hungry.

You visited 1 branch of the dungeon, and saw 2 of its levels.

You collected 73 gold pieces.

Inventory:

Hand Weapons
 a - a +1 hand crossbow (weapon)
 b - a +0 short sword
Missiles
 e - 64 arrows
Armour
 c - a +1 leather armour (worn)
Jewellery
 l - an amulet of the acrobat (around neck)
Wands
 n - a wand of paralysis (14)
Scrolls
 g - a scroll of identify
 i - a scroll of remove curse
 m - a scroll of fear
Potions
 h - 2 potions of invisibility
 j - a potion of heal wounds {unknown}
Comestibles
 f - 3 rations
 k - 3 chunks of flesh


   Skills:
 + Level 2.6 Fighting
 + Level 4.8 Crossbows
 + Level 1.0 Armour
 + Level 1.9 Dodging
 - Level 0.4 Stealth
 + Level 0.9 Invocations


You had 2 spell levels left.
You didn't know any spells.
Your spell library was empty.

Dungeon Overview and Level Annotations

Branches:
Dungeon (2/15)

Altars:
Qazlal

Annotations:
D:2 Sigmund


Innate Abilities, Weirdness & Mutations

You have hooves in place of feet.
Armour fits poorly on your strangely shaped body.
You cover ground very quickly.
You have extremely tough skin. (AC +3)


Message History

You shoot a bolt. The bolt hits the kobold.
You kill the kobold!
Qazlal accepts your kill. Something hits you but does no damage.
Firing (i - inventory) No suitable missiles.
Press: ? - help, Shift-Dir - straight line, f - you Really target yourself? [Y]es or [N]o only, please.
Really target yourself? [Y]es or [N]o only, please.
Really target yourself?
Okay, then.
Firing (i - inventory) No suitable missiles.
Press: ? - help, Shift-Dir - straight line
Okay, then.
Firing (i - inventory) No suitable missiles.
Press: ? - help, Shift-Dir - straight line
Okay, then.
Something hits you!
You die...

#.#######...#.#
#.# #...#.# #.#
#...# #
#.#######...#
#)..........#
#.########..###
#.# #..(.....(#
####.###.##(...#.#
+......@.##..###
####.###.##..# #.#
#.##..# #.#
####(.# #.# #(.#
#.# #(.# ... ...#
.# ...# ...#


There were no monsters in sight!

Vanquished Creatures
  A crimson imp (D:2)
  4 giant cockroaches (D:1)
  4 hobgoblins (D:1)
  3 kobolds
  7 bats
  3 frilled lizards (D:1)
  A goblin (D:2)
  2 rats (D:2)
25 creatures vanquished.

Notes
Turn   | Place    | Note
-------+----------+-------------------------------------------
     0 | D:1      | PikkenKukken the Centaur Hunter began the quest for the Orb.
     0 | D:1      | Reached XP level 1. HP: 17/17 MP: 1/1
   239 | D:1      | Reached XP level 2. HP: 24/24 MP: 2/2
  1057 | D:2      | Found a faded altar of an unknown god.
  1075 | D:2      | Became a worshipper of Qazlal Stormbringer
  1075 | D:2      | Reached * piety under Qazlal
  1113 | D:2      | Noticed a crimson imp
  1115 | D:2      | Killed a crimson imp
  1115 | D:2      | Reached skill level 1 in Armour
  1115 | D:2      | Reached XP level 3. HP: 30/30 MP: 3/3
  1139 | D:2      | Noticed Sigmund
  1166 | D:2      | Slain by Sigmund

Vault maps used:
D:1:      dpeg_arrival_windows_large_door
D:2:      chequers_ecumenical_altar_simple, roderic_serpentine_path,
          uniq_sigmund

Skill      XL: |  1  2 |
---------------+-------+-----
Armour         | 1 |  1.0
Fighting       | |  2.6
Crossbows      | |  4.8
Dodging        | |  1.9
Stealth        | |  0.4
Invocations    | |  0.9

Action                   || total
-------------------------++-------
 Fire: Hand crossbow     ||    67
  Use: Scroll            ||     8
Armor: Leather armour    ||    10
Dodge: Dodged            ||    14

Table legend:
 A = Spawn XP
 B = Non-spawn XP
 C = Spawn XP percentage of total XP
 D = Spawn monster count
 E = Non-spawn monster count
 F = Spawn count percentage of total count
 G = Total turns spent on level
                    A         B        C        D         E        F      G
               +---------+---------+-------+---------+---------+-------+---------
         Total |       0 |      89 |   0.0 |       0 |      25 |   0.0 |  1166
               +---------+---------+-------+---------+---------+-------+---------
           D:1 |       0 |      30 |   0.0 |       0 |      18 |   0.0 |  1037
           D:2 |       0 |      59 |   0.0 |       0 |       7 |   0.0 |   129
               +---------+---------+-------+---------+---------+-------+---------
